 Dungeon Crawl Stone Soup version 0.29-a0-271-gd4eb659eea (webtiles) character file.

Game seed: 11851265557366220308

338824 Luzi the Maledictor (level 21, -1/111 HPs)
             Began as a Spriggan Enchanter on Mar 7, 2022.
             Was the Champion of Dithmenos.
             Killed from afar by a wretched star (19 damage)
             ... with a lance of force
             ... on level 3 of the Abyss on Mar 8, 2022.
             The game lasted 03:24:22 (54172 turns).

Luzi the Maledictor (Spriggan Enchanter)           Turns: 54172, Time: 03:24:22

Health: -1/111     AC:  8    Str: 12    XL:     21   Next: 3%
Magic:  38/54      EV: 42    Int: 19    God:    Dithmenos [******]
Gold:   5092       SH:  0    Dex: 25    Spells: 32/58 levels left

rFire   + + .      SeeInvis +   s - +10 rapier of Karma {spect, Dex+6}
rCold   + + .      Faith    .   S - orb {guile}
rNeg    . . .      Spirit   .   v - +2 steam dragon scales
rPois   +          Reflect  .   (helmet restricted)
rElec   +          Harm     .   r - scarf {rC+ rF+}
rCorr   +          Rampage  .   (gloves unavailable)
Will    +....                   (boots unavailable) Stlth ********++
                                F - amulet of regeneration
HPRegen 0.00/turn               x - ring "Gefyedemi" {Wiz rElec MP+9 Dex+3}
MPRegen 0.34/turn               C - +4 ring of evasion

@: resistant, sick, hasted, wreathed by umbra, studying 4 skills, invisible,
very quick
A: very small, no large weapons, unfitting armour, see invisible, speed 3, horns
1, poison resistance, subdued magic 1
}: 2/15 runes: barnacled, gossamer
a: Renounce Religion, Shadow Step, Shadow Form


You were on level 3 of the Abyss.
You worshipped Dithmenos.
Dithmenos was exalted by your worship.
You visited 8 branches of the dungeon, and saw 40 of its levels.
You visited the Abyss 1 time.
You also visited: Ice Cave.

You collected 5951 gold pieces.
You spent 859 gold pieces at shops.

Inventory:

Hand Weapons
 s - the +10 rapier of Karma (weapon) {spect, Dex+6}
   (You bought it in a shop on level 3 of the Elven Halls)

   When its wielder attacks, the weapon's spirit leaps out and strikes again.
   The spirit shares a part of any damage it takes with its wielder.
   Dex:       It affects your dexterity (+6).
 K - the +11 dagger of the Chain {pain, rC+ Int+4}
   (You found it on level 2 of the Vaults)

   In the hands of one skilled in necromantic magic, it inflicts extra damage on
   living creatures.
   Int:       It affects your intelligence (+4).
   rC:        It protects you from cold.
 V - a +1 rapier of electrocution
Missiles
 g - 6 datura-tipped darts (quivered)
 p - 9 curare-tipped darts
 R - 8 atropa-tipped darts
Armour
 r - a scarf of resistance (worn)
 v - +2 steam dragon scales (worn)
 S - an orb of guile (worn)
 T - a +1 cloak of preservation
Jewellery
 m - a +4 ring of protection
 x - the ring "Gefyedemi" (left hand) {Wiz rElec MP+9 Dex+3}
   (You acquired it on level 7 of the Dungeon)

   [ring of wizardry]

   It improves your spell success rate.
   Dex:       It affects your dexterity (+3).
   rElec:     It insulates you from electricity.
   MP:        It affects your magic capacity (+9).
 C - a +4 ring of evasion (right hand)
 F - an amulet of regeneration (around neck)
Wands
 h - a wand of acid (7)
 j - a wand of polymorph (35)
 l - a wand of mindburst (18)
 n - a wand of digging (4)
 o - a wand of charming (3)
 y - a wand of paralysis (27)
 H - a wand of iceblast (4)
Scrolls
 b - 6 scrolls of fog
 d - 4 scrolls of immolation
 i - 7 scrolls of amnesia
 k - 9 scrolls of teleportation
 q - a scroll of enchant armour
 t - 6 scrolls of blinking
 u - 2 scrolls of fear
 I - 6 scrolls of enchant weapon
 M - 2 scrolls of summoning
 O - 7 scrolls of magic mapping
 Z - a scroll of brand weapon
Potions
 c - 2 potions of cancellation
 e - a potion of flight
 f - 9 potions of curing
 w - 4 potions of mutation
 A - 8 potions of haste
 D - 12 potions of ambrosia
 G - 2 potions of heal wounds
 L - 5 potions of brilliance
 N - 9 potions of magic
 W - 2 potions of might
 Y - a potion of berserk rage
Miscellaneous
 a - a lightning rod (4/4)
 z - a condenser vane
 P - a phantom mirror
 Q - a box of beasts


   Skills:
 + Level 12.2 Fighting
 - Level 12.0 Short Blades
 - Level 6.0 Armour
 + Level 18.5 Dodging
 + Level 23.9 Stealth
 + Level 19.3 Spellcasting
 - Level 5.4 Conjurations
 + Level 24.4 Hexes


You had 32 spell levels left.
You knew the following spells:

 Your Spells              Type           Power      Damage    Failure   Level
a - Ensorcelled Hibernat  Hex/Ice        98%        N/A       0%          2
b - Tukima's Dance        Hex            71%        N/A       0%          3
c - Dazzling Flash        Conj/Hex       100%       N/A       0%          3
d - Confusing Touch       Hex            71%        N/A       0%          3
e - Cause Fear            Hex            35%        N/A       0%          4
f - Stone Arrow           Conj/Erth      44%        3d9       1%          3
g - Discord               Hex            35%        N/A       1%          8

Your spell library contained the following spells:

 Spells                   Type           Power      Damage    Failure   Level
 Animate Skeleton         Necr           28%        N/A       1%          1
 Apportation              Tloc           28%        N/A       1%          1
 Beastly Appendage        Tmut           28%        N/A       1%          1
 Foxfire                  Conj/Fire      88%        2x1d8     1%          1
 Pain                     Necr           56%        1d6       1%          1
 Summon Small Mammal      Summ           56%        N/A       1%          1
 Corpse Rot               Necr/Air       28%        N/A       1%          2
 Passwall                 Tmut/Erth      11%        N/A       1%          2
 Poisonous Vapours        Pois/Air       28%        N/A       1%          2
 Sublimation of Blood     Necr           14%        N/A       1%          2
 Wereblood                Tmut           14%        N/A       1%          2
 Conjure Flame            Conj/Fire      22%        6-21      1%          3
 Inner Flame              Hex/Fire       49%        N/A       1%          3
 Portal Projectile        Hex/Tloc       98%        N/A       1%          3
 Anguish                  Hex/Necr       24%        N/A       1%          4
 Leda's Liquefaction      Hex/Erth       24%        N/A       1%          4
 Metabolic Englaciation   Hex/Ice        24%        N/A       1%          5
 Silence                  Hex/Air        24%        N/A       1%          5
 Yara's Violent Unravell  Hex/Tmut       24%        3d11      1%          5
 Frozen Ramparts          Ice            28%        1d4       2%          3
 Gell's Gravitas          Tloc           14%        N/A       2%          3
 Ignite Poison            Fire/Tmut/Pois 14%        N/A       2%          3
 Spider Form              Tmut/Pois      14%        N/A       2%          3
 Teleport Other           Tloc           14%        N/A       2%          3
 Vampiric Draining        Necr           14%        2d7       2%          3
 Flame Wave               Conj/Fire      22%        2d7       3%          4
 Animate Armour           Summ/Erth      28%        N/A       10%         4
 Animate Dead             Necr           7%         N/A       10%         4
 Olgreb's Toxic Radiance  Pois           14%        N/A       10%         4
 Passage of Golubria      Tloc           14%        N/A       10%         4
 Petrify                  Tmut/Erth      14%        N/A       10%         4
 Agony                    Necr           14%        N/A       26%         5
 Alistair's Intoxication  Tmut/Pois      9%         N/A       26%         5
 Blade Hands              Tmut           7%         N/A       26%         5
 Borgnjor's Vile Clutch   Necr/Erth      7%         N/A       26%         5
 Excruciating Wounds      Necr           7%         N/A       26%         5
 Lee's Rapid Deconstruct  Erth           7%         3d7*      26%         5
 Summon Forest            Summ/Tloc      7%         N/A       26%         5
 Death Channel            Necr           7%         N/A       82%         6
 Dispersal                Tloc           7%         N/A       82%         6
 Eringya's Noxious Bog    Tmut/Pois      7%         N/A       82%         6
 Simulacrum               Ice/Necr       7%         N/A       82%         6
 Statue Form              Tmut/Erth      9%         N/A       82%         6
 Ozocubu's Refrigeration  Ice            7%         4d6       100%        7
 Summon Hydra             Summ           7%         N/A       100%        7
 Disjunction              Tloc           7%         N/A       100%        8
 Ignition                 Fire           7%         3d4       100%        8
 Lehudib's Crystal Spear  Conj/Erth      11%        10d4      100%        8


Dungeon Overview and Level Annotations

Branches:
Dungeon (15/15)            Temple (1/1) D:6            Lair (6/6) D:10
 Shoals (4/4) Lair:4       Spider (4/4) Lair:2        Slime (0/5) Lair:6
    Orc (2/2) D:10            Elf (3/3) Orc:2        Vaults (5/5) D:14
  Crypt (0/3) Vaults:2     Depths (0/4) D:15          IceCv (visited)

Altars:
Ashenzari
Cheibriados
Dithmenos
Hepliaklqana
Kikubaaqudgha
Sif Muna
Uskayaw
Beogh
Jiyva

Shops:
Orc:1 (   Orc:2 [(*:   Elf:2 (   Elf:3 (   Vaults:4 *

Portals:
Abyss: D:7

Annotations:
D:7 2 transporters, anet's ghost, novice MiBe
Lair:3 3 runed translucent doors, triki's ghost, journeyman GnAM
Lair:4 2 transporters, Zifaijuz's ghost, journeyman OpCj
Elf:2 3 runed translucent doors
Vaults:2 2 transporters, Jihiargh's ghost, adept HOFi


Innate Abilities, Weirdness & Mutations

You are very small and have problems with some larger weapons.
You are too small for most types of armour.
You have supernaturally acute eyesight. (SInv)
You cover ground extremely quickly. (Speed+++)
You have a pair of small horns on your head.
Your system is resistant to poisons. (rPois)
Your spells are a little easier to cast, but a little less powerful.


Message History

The worldbinder hits the wretched star but does no damage.
The worldbinder closely misses the wretched star.
The starcursed mass closely misses the nagaraja.
The ancient zyme hits the worldbinder!
The ancient zyme hits the worldbinder but does no damage.
You feel sick.
The worldbinder hits something but does no damage.
The worldbinder hits something.
You hear a deafening roar!
The nagaraja barely misses you. The nagaraja grabs you.
The nagaraja constricts you.
You emit a cloud of dark smoke.
Unknown command.
You escape the nagaraja's grasp.
You feel sick.
Something hits the ancient zyme but does no damage. x2
The wretched star glows turbulently.
The lance of force misses you.
The ancient zyme completely misses something.
The ancient zyme hits something!
You feel ill. The starcursed mass touches you!
* * * LOW HITPOINT WARNING * * *
The wretched star glows turbulently.
The lance of force misses you.
The lance of force hits the starcursed mass!
The starcursed mass is knocked back by the lance of force.
The starcursed mass slams into the stone wall!
The starcursed mass is lightly damaged.
You feel much better.
You hear a deafening roar!
Unknown command.
Unknown command.
You feel better.
The wretched star glows turbulently.
The lance of force hits you!!
* * * LOW HITPOINT WARNING * * *
You emit a cloud of dark smoke.
You are knocked back by the lance of force.
You slam into the translucent stone wall!
* * * LOW HITPOINT WARNING * * *
The wretched star glows turbulently.
The lance of force hits you!!
You die...

. . .#... #
..# # ##§§ #
#..# ## .#
##§#§§ ###.##
. .# # §X§ .
...# . #
###§§#§§.##.
#.# ..#§
##.§..#..#.#
. .
#.#####..#..
## # ##'§*§##
..##.##
X.##§§§@§# .
#. .
#.§*#NXφ#c...
# .
..##§§§§.##
....# # ..
..##xx.## #
.. #. . ..
#..#####...#
#.X .. . . #.
..3X... ..
.#. . ##.## #
#.##.# . . ##
#. #.#. .. ..
.#. .. . .


You could see a nagaraja (sick), 2 wretched stars and a neutral starcursed mass
(fast, strong, insane).

Vanquished Creatures
  Bai Suzhen (Vaults:3)
  Nikola (Spider:3)
  Rupert (D:13)
  2 deep elf blademasters (Elf:3)
  2 deep elf master archers (Elf:3)
  2 sphinxes (Vaults:1)
  Donald (Vaults:1)
  An emperor scorpion (Spider:3)
  6 vault wardens
  2 orc warlords
  2 deep elf sorcerers
  3 ghost moths
  Aizul (Vaults:1)
  2 deep elf elementalists
  2 very ugly things (IceCv)
  7 ironbound preservers
  A war gargoyle (Vaults:3)
  A stone giant (Vaults:2)
  7 broodmothers
  6 ironbound thunderhulks
  2 elemental wellsprings (Shoals:1)
  5 spark wasps
  A deep elf demonologist (Elf:3)
  An entropy weaver (Spider:2)
  2 deep elf annihilators (Elf:3)
  12 dire elephants
  2 merfolk javelineers (Shoals:4)
  An ettin (D:11)
  4 deep elf death magi
  2 merfolk impalers
  A fire dragon (Lair:6)
  6 great orbs of eyes
  A deep elf high priest (Elf:3)
  8 hydras
  A vault guard (Vaults:1)
  2 yaktaur captains
  4 merfolk avatars
  2 ogre magi
  A peacekeeper (Vaults:3)
  An ice dragon (Lair:6)
  A radroach (Spider:4)
  2 alligator snapping turtles
  7 boulder beetles
  A merfolk aquamancer (Shoals:4)
  A catoblepas (Lair:6)
  8 centaur warriors
  An ironbound frostheart (Vaults:1)
  An anaconda (Lair:4)
  Erica (D:10)
  7 two-headed ogres
  4 orc high priests
  9 death yaks
  Urug (D:10)
  A thrashing horror (Abyss:3)
  4 deep elf knights
  5 skeletal warriors (D:15)
  Amaemon (Lair:4)
  A pharaoh ant (Spider:4)
  A storm dragon skeleton (Vaults:3)
  A sea snake (shapeshifter) (D:13)
  2 sun moths
  5 steelbarb worms
  10 deep trolls
  11 sea snakes
  3 ironbound convokers
  7 orb spiders
  2 glowing orange brains (Vaults:4)
  A swamp dragon (Lair:6)
  4 lindwurms
  An orange crystal statue (IceCv)
  13 deep elf pyromancers
  7 deep elf zephyrmancers
  A wizard (D:14)
  9 deep elf archers
  9 ugly things
  6 orc knights
  9 harpies
  4 orc sorcerers
  6 oklob plants
  11 wolf spiders
  A harpy (shapeshifter) (D:14)
  6 cyclopes
  5 fauns
  15 manticores
  26 elephants
  6 merfolk sirens
  A naga mage (D:15)
  2 moths of wrath
  A stone giant skeleton (Vaults:3)
  A guardian serpent (Abyss:3)
  6 vault sentinels
  5 water nymphs
  7 black mambas
  Maurice (D:13)
  5 cane toads
  10 torpor snails
  An orange demon (Lair:4)
  A kobold demonologist (D:13)
  3 demonic crawlers
  A gargoyle (D:12)
  2 efreet
  13 rime drakes
  An anaconda simulacrum (IceCv)
  10 komodo dragons
  2 freezing wraiths (IceCv)
  7 yaktaurs
  4 merfolk
  A queen bee (shapeshifter) (Elf:1)
  A queen bee (Lair:1)
  5 trolls
  A wolf spider simulacrum (D:14)
  A troll (shapeshifter) (D:13)
  A wind drake (Shoals:4)
  6 hornets (Lair:6)
  4 tyrant leeches (Lair:6)
  18 tarantellas
  15 blink frogs
  11 snapping turtles
  A dream sheep (Shoals:4)
  30 slime creatures
  20 culicivoras
  26 jumping spiders
  A shadow (D:9)
  3 wraiths
  A centaur simulacrum (D:14)
  7 water elementals
  2 air elementals
  54 yaks
  12 wyverns
  3 fire elementals
  A hog (shapeshifter) (D:15)
  15 dancing weapons
  6 steam dragons
  8 wargs
  9 vampire mosquitoes
  5 basilisks
  36 redbacks
  2 hell hounds (Lair:5)
  A harpy simulacrum (IceCv)
  Duvessa (D:6)
  3 acid dragons
  24 water moccasins
  32 orc warriors
  A swamp drake (Lair:6)
  3 sky beasts
  3 alligator simulacra (IceCv)
  2 ice beasts
  An elf simulacrum (Vaults:3)
  2 ettin simulacra (IceCv)
  10 black bears
  7 wolves (Lair:3)
  6 ogres
  A boggart (Elf:1)
  6 centaurs
  A phantom (D:5)
  2 human skeletons (Vaults:3)
  4 kobold brigands
  14 bullfrogs
  Blork the orc (Orc:2)
  2 necrophages
  A gnoll sergeant (D:10)
  7 scorpions
  7 wights
  Dowan (D:6)
  45 killer bees
  A lindwurm simulacrum (IceCv)
  5 howler monkeys
  7 electric eels
  4 hounds
  3 jellies
  25 orc priests
  6 iguanas
  Ijyb (D:3)
  14 hell rats
  32 orc wizards
  7 gnolls
  14 adders
  3 river rats (D:10)
  2 shadow imps
  2 ufetubi
  2 adder skeletons (D:2)
  An adder zombie (D:2)
  6 worms
  3 dart slugs
  64 orcs
  A bat skeleton (D:2)
  A bat zombie (D:2)
  7 endoplasms
  4 giant cockroaches
  3 goblins
  12 hobgoblins
  6 jackals
  19 kobolds
  3 quokkas
  7 ball pythons
  A ball python skeleton (D:2)
  10 bats
  2 frilled lizards (D:1)
  10 rats
  A lurking horror (Abyss:3)
1215 creatures vanquished.

Vanquished Creatures (collateral kills)
  Saint Roka (Orc:2)
  Arachne (Spider:2)
  A tentacled monstrosity (Vaults:3)
  A fire giant (Vaults:3)
  A ghost moth (Spider:2)
  2 emperor scorpions (Spider:4)
  A very ugly thing (Vaults:1)
  A stone giant (Vaults:3)
  9 ironbound preservers
  2 ironbound thunderhulks
  A deep elf annihilator (Elf:3)
  An entropy weaver (Abyss:3)
  7 dire elephants
  A spark wasp (Spider:4)
  7 deep elf demonologists
  A merfolk javelineer (Shoals:4)
  2 ettins
  2 deep elf death magi
  3 merfolk impalers (Shoals:4)
  A deep elf high priest (Elf:3)
  A yaktaur captain (Vaults:2)
  19 vault guards
  2 peacekeepers
  A merfolk avatar (Shoals:4)
  6 centaur warriors
  A merfolk aquamancer (Shoals:2)
  An alligator snapping turtle (Shoals:4)
  5 ironbound frosthearts
  2 satyrs
  2 pharaoh ants
  2 deep elf knights (Elf:2)
  A sun moth (Spider:4)
  2 sea snakes (Shoals:4)
  7 orb spiders
  22 deep trolls
  4 wizards
  An orc knight (D:15)
  5 ironbound convokers
  5 deep elf archers
  2 manticores
  4 wolf spiders
  11 deep elf zephyrmancers
  8 harpies
  6 deep elf pyromancers
  A faun (Shoals:1)
  2 cyclopes
  A moth of wrath (Spider:2)
  A moth of wrath (shapeshifter) (Vaults:3)
  5 ugly things
  2 water nymphs (Shoals:4)
  A merfolk siren (Shoals:2)
  8 vault sentinels
  20 yaktaurs
  A demonic crawler (Spider:4)
  14 merfolk
  6 tarantellas
  5 wind drakes
  17 slime creatures
  A snapping turtle (Shoals:4)
  9 dream sheep
  10 jumping spiders
  4 culicivoras
  2 water elementals (Shoals:4)
  An air elemental (Elf:2)
  2 fire elementals (Elf:3)
  21 redbacks
  7 dancing weapons
  2 large abominations (Abyss:3)
  9 orc warriors
  4 boggarts
  An ogre (D:10)
  2 earth elementals
  A gnoll sergeant (D:8)
  5 wights
  4 orc priests
  3 orc wizards
  4 gnolls
  29 orcs
  A kobold (D:11)
372 creatures vanquished.

Vanquished Creatures (others)
  A deep elf elementalist (Elf:3)
  An emperor scorpion (Spider:4)
  2 broodmothers (Spider:4)
  A starcursed mass (Abyss:3)
  2 entropy weavers
  3 dire elephants
  A merfolk impaler (Shoals:2)
  2 merfolk javelineers (Shoals:4)
  A yaktaur captain (Vaults:1)
  A centaur warrior (Vaults:4)
  An ironbound frostheart (Vaults:3)
  A vault guard (Vaults:1)
  2 merfolk aquamancers (Shoals:4)
  A deep troll (Vaults:1)
  A lindwurm (Vaults:3)
  An ironbound convoker (Vaults:3)
  A harpy (Shoals:4)
  2 deep elf archers
  A deep elf pyromancer (Elf:3)
  A necromancer (Vaults:3)
  A deep elf zephyrmancer (Elf:2)
  2 ugly things (Vaults:2)
  3 wolf spiders
  A vault sentinel (Vaults:1)
  2 yaktaurs (Vaults:1)
  3 merfolk
  A troll (Orc:2)
  A wind drake (Shoals:1)
  A snapping turtle (Shoals:4)
  A tarantella (Spider:2)
  A slime creature (Vaults:1)
  30 dancing weapons
  A neqoxec (Abyss:3)
  An orc wizard (D:7)
  2 orcs
  70 fungi
  145 plants
  20 tentacles (Shoals:3)
313 creatures vanquished.

Grand Total: 1900 creatures vanquished

Notes
Turn   | Place    | Note
-------+----------+-------------------------------------------
     0 | D:1      | Luzi the Spriggan Enchanter began the quest for the Orb.
     0 | D:1      | Reached XP level 1. HP: 9/9 MP: 5/5
   171 | D:1      | Reached skill level 4 in Hexes
   182 | D:1      | Reached XP level 2. HP: 10/13 MP: 7/7
   185 | D:1      | Learned a level 2 spell: Ensorcelled Hibernation
   627 | D:1      | Reached XP level 3. HP: 12/16 MP: 9/9
   631 | D:1      | Learned a level 3 spell: Tukima's Dance
   635 | D:1      | Learned a level 3 spell: Confusing Touch
  1727 | D:2      | Reached XP level 4. HP: 21/21 MP: 11/11
  1865 | D:2      | Reached skill level 5 in Hexes
  1881 | D:2      | Learned a level 3 spell: Dazzling Flash
  2787 | D:3      | Reached XP level 5. HP: 21/24 MP: 8/13
  2957 | D:3      | Found a faded altar of an unknown god.
  3026 | D:3      | Reached skill level 5 in Spellcasting
  3554 | D:3      | Noticed Ijyb
  3559 | D:3      | Killed Ijyb
  3832 | D:4      | Reached skill level 5 in Stealth
  4121 | D:4      | Reached skill level 6 in Hexes
  4276 | D:4      | Reached XP level 6. HP: 28/28 MP: 8/15
  5554 | D:4      | Reached XP level 7. HP: 16/32 MP: 6/17
  6077 | D:5      | Entered Level 5 of the Dungeon
  6111 | D:5      | Reached skill level 1 in Armour
  6833 | D:5      | Reached XP level 8. HP: 36/36 MP: 18/18
  7168 | D:6      | Found a staircase to the Ecumenical Temple.
  7209 | D:6      | Reached skill level 5 in Armour
  7362 | D:6      | Found an ancient bone altar of Kikubaaqudgha.
  7377 | Temple   | Entered the Ecumenical Temple
  7384 | Temple   | Became a worshipper of Dithmenos the Shadowed
  7507 | D:6      | Noticed Dowan
  7520 | D:6      | Noticed Duvessa
  7545 | D:6      | Killed Duvessa
  7547 | D:6      | Killed Dowan
  7743 | D:6      | Reached skill level 1 in Conjurations
  8324 | D:6      | Reached XP level 9. HP: 39/39 MP: 17/20
  8904 | D:7      | Learned a level 4 spell: Cause Fear
  9070 | D:7      | Reached * piety under Dithmenos
  9194 | D:7      | Reached skill level 10 in Stealth
  9345 | D:7      | Found a transporter.
  9444 | D:7      | Identified a scroll of acquirement
  9444 | D:7      | Acquired the ring "Gefyedemi" {Wiz rElec MP+9 Dex+3}
  9491 | D:7      | Found a transporter.
  9517 | D:7      | Found a one-way gate to the infinite horrors of the Abyss.
  9517 | D:7      | Noticed anet's ghost (novice MiBe)
  9536 | D:7      | Noticed an ancient zyme
  9653 | D:7      | Noticed a worldbinder
 10018 | D:8      | Reached XP level 10. HP: 31/44 MP: 18/24
 11152 | D:8      | Reached ** piety under Dithmenos
 11991 | D:9      | Reached skill level 10 in Spellcasting
 12180 | D:9      | Reached skill level 1 in Fighting
 13239 | D:10     | Entered Level 10 of the Dungeon
 13246 | D:10     | Found a staircase to the Orcish Mines.
 13254 | D:10     | Reached skill level 5 in Conjurations
 13415 | D:10     | Reached *** piety under Dithmenos
 13686 | D:10     | Reached XP level 11. HP: 24/50 MP: 26/26
 13715 | D:10     | Noticed Urug
 13887 | D:10     | Killed Urug
 14073 | D:10     | Found a staircase to the Lair.
 14078 | D:10     | Reached skill level 5 in Dodging
 14433 | D:10     | Noticed Erica
 14438 | D:10     | Killed Erica
 14714 | D:10     | Reached skill level 7 in Hexes
 14717 | D:10     | Reached **** piety under Dithmenos
 15524 | D:11     | Noticed a two-headed ogre
 15572 | D:11     | Killed a two-headed ogre
 15573 | D:11     | Reached skill level 5 in Short Blades
 15573 | D:11     | Reached skill level 8 in Hexes
 15875 | D:11     | Noticed a two-headed ogre
 15907 | D:11     | Killed a two-headed ogre
 16229 | D:11     | Noticed a red ugly thing
 16231 | D:11     | Noticed an ettin
 16383 | D:11     | Killed an ettin
 16384 | D:11     | Reached XP level 12. HP: 58/58 MP: 28/28
 16835 | D:12     | Noticed an eight-headed hydra
 16926 | D:12     | Killed an eight-headed hydra
 16943 | D:12     | Reached skill level 9 in Hexes
 17339 | D:12     | Noticed a centaur warrior
 17339 | D:12     | Noticed a boulder beetle
 17340 | D:12     | Noticed an ogre mage
 17475 | D:12     | Killed a boulder beetle
 17567 | D:12     | Killed an ogre mage
 17655 | D:12     | Reached skill level 10 in Hexes
 17736 | D:12     | Killed a centaur warrior
 17829 | D:13     | Noticed a centaur warrior
 17830 | D:13     | Killed a centaur warrior
 17880 | D:13     | Noticed a centaur warrior
 17887 | D:13     | Killed a centaur warrior
 17977 | D:13     | Noticed Rupert
 17983 | D:13     | Paralysed by Rupert for 4 turns
 17987 | D:13     | Killed Rupert
 17988 | D:13     | Reached skill level 5 in Fighting
 17988 | D:13     | Reached skill level 15 in Stealth
 18036 | D:13     | Noticed a two-headed ogre
 18037 | D:13     | Identified the +1 ring mail "Pusak" {Rampage Dex+2 Stlth-}
 18045 | D:13     | Killed a two-headed ogre
 18220 | D:13     | Noticed Maurice
 18222 | D:13     | Killed Maurice
 18245 | D:13     | Reached XP level 13. HP: 63/63 MP: 30/30
 18312 | D:13     | Reached skill level 11 in Hexes
 18789 | D:14     | Found a gate to the Vaults.
 18789 | D:14     | Noticed an ironbound preserver
 18799 | D:14     | Killed an ironbound preserver
 19189 | D:14     | Reached skill level 12 in Hexes
 19391 | D:14     | Learned a level 3 spell: Stone Arrow
 19400 | D:14     | Identified the +4 trident "Niaratun" {drain, Fragile rF+
                  | Dex+4}
 19553 | Lair:1   | Entered Level 1 of the Lair of Beasts
 19754 | Lair:1   | Reached ***** piety under Dithmenos
 21015 | Lair:2   | Found a hole to the Spider Nest.
 21034 | Lair:2   | Reached skill level 10 in Dodging
 21627 | Lair:2   | Identified the +8 spear "Death Rattle" {vorpal, Str+3 Int-5
                  | Dex+4}
 22193 | Lair:3   | Reached XP level 14. HP: 70/70 MP: 30/32
 22527 | Lair:3   | Upgraded the game from 0.29-a0-268-g5627465c62 to
                  | 0.29-a0-271-gd4eb659eea
 22701 | Lair:3   | Found a runed translucent gate.
 22776 | Lair:3   | Reached skill level 13 in Hexes
 23041 | Lair:3   | Found a runed translucent gate.
 23041 | Lair:3   | Found a viscous altar of Jiyva.
 23041 | Lair:3   | Found a runed translucent gate.
 23041 | Lair:3   | Noticed triki's ghost (journeyman GnAM)
 23151 | Lair:3   | Reached ****** piety under Dithmenos
 23353 | Lair:4   | Found a broken altar of Ashenzari.
 23368 | Lair:4   | Found a transporter.
 23369 | Lair:4   | Found a transporter.
 23371 | Lair:4   | Found a staircase to the Shoals.
 23375 | Lair:4   | Noticed Amaemon
 23382 | Lair:4   | Killed Amaemon
 23878 | Lair:4   | Noticed Zifaijuz's ghost (journeyman OpCj)
 24094 | Lair:5   | Got the Catalogue of Transmutation
 24461 | Lair:5   | Reached skill level 14 in Hexes
 25270 | Lair:6   | Entered Level 6 of the Lair of Beasts
 25436 | Lair:6   | Found an ancient bone altar of Kikubaaqudgha.
 25455 | Lair:6   | Gained mutation: Your system is resistant to poisons.
                  | (rPois) [potion of mutation]
 25455 | Lair:6   | Gained mutation: You have a pair of small horns on your
                  | head. [potion of mutation]
 25815 | Lair:6   | Reached XP level 15. HP: 75/75 MP: 34/34
 26518 | Lair:5   | Reached skill level 10 in Short Blades
 26572 | Lair:6   | Reached skill level 15 in Hexes
 26666 | Lair:6   | Found a staircase to the Slime Pits.
 27122 | Lair:6   | Found a runed translucent door.
 27660 | Orc:1    | Entered Level 1 of the Orcish Mines
 27661 | Orc:1    | Found Wyarrino's Weapon Emporium.
 28201 | Orc:2    | Entered Level 2 of the Orcish Mines
 28535 | Orc:2    | Found a staircase to the Elven Halls.
 28589 | Orc:2    | Noticed Saint Roka
 28598 | Orc:2    | Noticed Blork the orc
 28604 | Orc:2    | Killed Blork the orc
 28618 | Orc:2    | Killed Saint Roka
 28845 | Orc:2    | Found Ocegg's Antique Weapon Shoppe.
 29068 | Orc:2    | Found Womer's Antique Armour Shoppe.
 29258 | Orc:2    | Reached skill level 15 in Spellcasting
 29258 | Orc:2    | Reached skill level 16 in Hexes
 29339 | Orc:2    | Found Labb's General Store.
 29348 | Orc:2    | Bought a scroll of summoning for 123 gold pieces
 29348 | Orc:2    | Bought a scroll of magic mapping for 45 gold pieces
 29348 | Orc:2    | Bought a scroll of enchant armour for 97 gold pieces
 29358 | Orc:2    | Found Teiwk's Book Shoppe.
 29996 | D:15     | Entered Level 15 of the Dungeon
 30066 | D:15     | Found a hide-covered altar of Uskayaw.
 30532 | D:15     | Reached XP level 16. HP: 81/81 MP: 36/36
 31029 | D:15     | Found a staircase to the Depths.
 31411 | Spider:1 | Entered Level 1 of the Spider Nest
 31797 | Spider:1 | Found a frozen archway.
 31812 | IceCv    | Entered an ice cave
 31816 | IceCv    | Found a transporter.
 31845 | IceCv    | Found a transporter.
 31904 | IceCv    | Identified the ring "Siorei Hieph" {Ice Int+6 SInv}
 32172 | Spider:1 | Reached skill level 17 in Hexes
 32185 | Spider:1 | Learned a level 8 spell: Discord
 33039 | Spider:2 | Reached skill level 18 in Hexes
 33699 | Spider:2 | Noticed Arachne
 33708 | Spider:2 | Killed Arachne
 33780 | Spider:2 | Identified the -3 pair of gloves "Konteent" {SInv}
 33826 | Spider:3 | Reached skill level 19 in Hexes
 34182 | Spider:3 | Reached XP level 17. HP: 69/86 MP: 36/37
 34348 | Spider:3 | Noticed Nikola
 34353 | Spider:3 | Killed Nikola
 34655 | Spider:3 | Identified the +0 leather armour of Impressiveness {Int+7}
 34753 | Spider:3 | Reached skill level 20 in Hexes
 35062 | Spider:4 | Entered Level 4 of the Spider Nest
 35622 | Spider:4 | Reached skill level 21 in Hexes
 36331 | Spider:4 | Reached skill level 22 in Hexes
 36501 | Spider:4 | Got a gossamer rune of Zot
 36821 | Shoals:1 | Entered Level 1 of the Shoals
 36865 | Shoals:1 | Identified the ring of Buow Mecw {Will+ Str+2}
 37106 | Shoals:1 | Identified the +2 leather armour of Illatoun {rF+}
 38152 | Shoals:2 | Reached XP level 18. HP: 92/92 MP: 38/38
 39227 | Shoals:4 | Entered Level 4 of the Shoals
 40685 | Shoals:4 | Got a barnacled rune of Zot
 41055 | Vaults:1 | Entered Level 1 of the Vaults
 41120 | Vaults:1 | Reached skill level 15 in Dodging
 42052 | Vaults:1 | Noticed Aizul
 42056 | Vaults:1 | Reached skill level 10 in Fighting
 42803 | Vaults:1 | Killed Aizul
 42804 | Vaults:1 | Reached XP level 19. HP: 98/98 MP: 41/41
 43146 | Vaults:1 | Noticed Donald
 43212 | Vaults:1 | Killed Donald
 43213 | Vaults:1 | Reached skill level 23 in Hexes
 43847 | Vaults:2 | Found a staircase to the Crypt.
 43870 | Vaults:2 | Paralysed by a great orb of eyes for 5 turns
 44311 | Vaults:2 | Found a transporter.
 44311 | Vaults:2 | Noticed Jihiargh's ghost (adept HOFi)
 44341 | Vaults:2 | Found a transporter.
 44388 | Vaults:2 | Identified the +11 dagger of the Chain {pain, rC+ Int+4}
 46288 | Vaults:3 | Noticed Bai Suzhen
 46290 | Vaults:3 | Killed Bai Suzhen
 46756 | Vaults:4 | Found Hiajam's General Store.
 46996 | Vaults:4 | Reached XP level 20. HP: 105/105 MP: 43/43
 47675 | Vaults:4 | Identified the +6 fustibalus of Earthquakes {venom, Fly
                  | rPois Str-2 SInv}
 48211 | Elf:1    | Entered Level 1 of the Elven Halls
 48740 | Elf:1    | Reached skill level 24 in Hexes
 49552 | Elf:1    | Found a shimmering blue altar of Sif Muna.
 50022 | Elf:2    | Found Jyblo's Antique Weapon Shoppe.
 50521 | Elf:2    | Found a runed translucent gate.
 50526 | Elf:2    | Found a runed translucent gate.
 50526 | Elf:2    | Found a runed translucent gate.
 50557 | Elf:3    | Entered Level 3 of the Elven Halls
 50590 | Elf:3    | Found Nitugg's Antique Weapon Boutique.
 50599 | Elf:3    | Bought a fading rapier for 297 gold pieces
 50599 | Elf:3    | Identified the +10 rapier of Karma {spect, Dex+6} (You
                  | bought it in a shop on level 3 of the Elven Halls)
 50599 | Elf:3    | Bought a brightly glowing rapier for 297 gold pieces
 50599 | Elf:3    | Identified the +3 rapier "Kovytip" {protect, Will++ Str-5}
                  | (You bought it in a shop on level 3 of the Elven Halls)
 52123 | Elf:3    | Identified the amulet of Obsession {Reflect Harm rElec MP+9
                  | SH+5 SInv}
 52470 | Elf:3    | Got the Handbook of Evil Magic
 52650 | Elf:3    | Identified the +1 scale mail of Absolutism {rF+ rN+ Str-4}
 52679 | Elf:3    | Identified the +8 hand axe of the Unliving {drain, rF++ rN+
                  | MP+9 Str-3}
 52689 | Elf:3    | Got An Early Guide to Theurgy
 52702 | Elf:3    | Identified the +3 helmet "Kuroadef" {rC+ rN+ rCorr}
 53113 | Elf:3    | Found Nitugg's Antique Weapon Boutique.
 53985 | Vaults:5 | Entered Level 5 of the Vaults
 53992 | Vaults:5 | Reached XP level 21. HP: 111/111 MP: 45/45
 53994 | Vaults:5 | Cast into level 3 of the Abyss (a deep elf demonologist)
 53994 | Abyss:3  | Found a corrupted altar of Lugonu.
 54120 | Abyss:3  | Gained mutation: Your spells are a little easier to cast,
                  | but a little less powerful. [a neqoxec]
 54172 | Abyss:3  | Killed from afar by a wretched star

Illustrated notes

Levels and vault maps discovered:
D:1:      minmay_arrival_four_houses, layout_loops_ring
D:2:      layout_loops_corners, serial_undead, serial_undead_d, serial_undead_b,
          serial_undead_a, serial_undead_d, kennysheep_generic_room_2
D:3:      layout_loops_cross, basic_ecumenical_altar, item_on_display_a,
          uniq_ijyb
D:4:      layout_rooms
D:5:      old_forge, layout_basic
D:6:      layout_loops_ring, lemuel_round_altar, minmay_temple_entry_mini_moons,
          minmay_holes, uniq_duvessa
D:7:      layout_basic, gammafunk_ghost_abyssal_escape
D:8:      layout_basic, minmay_misc_feat_chi, minmay_manual_moon
D:9:      layout_layer_cave, minivault_21, kennysheep_crisscross, st_stairs_8
D:10:     layout_gridville, due_lair_maze_entry_diamond,
          minmay_orc_entry_temple_small, special_room [special_room_orc], pond,
          uniq_erica, uniq_urug
D:11:     layout_long_grid, kennysheep_island_fort
D:12:     layout_rooms, grunt_tough_drop
D:13:     layout_basic, uniq_rupert, uniq_maurice
D:14:     layout_long_grid, skrybe_vaults_entry_preservation, serial_rivers,
          chequers_serial_rivers_small_b, chequers_serial_rivers_marsh,
          chequers_serial_rivers_marsh, chequers_serial_rivers_micro_d,
          chequers_serial_rivers_small_b
D:15:     hangedman_depths_entry_try_elsewhere_first, layout_basic,
          minmay_crystal_room, drop_trap,
          nicolae_uskayaw_murder_on_the_dancefloor
Temple:   minmay_crystal_snake_temple
Lair:1:   layout_gridlike, special_room [special_room_bee],
          serial_bayou_lagoon_a, infiniplex_staircase_pool, lemuel_fruit_tree
Lair:2:   layout_hall_layers, nicolae_spider_entry_non_spiders,
          serial_bayou_shore_a, serial_bayou_shore_b, lemuel_fruit_fields
Lair:3:   layout_chaotic_city, gammafunk_ghost_ooze, serial_bayou,
          serial_bayou_pond_e, serial_bayou_pond_b, serial_bayou_lagoon_b,
          serial_bayou_shore_b
Lair:4:   beast_lair_carwin_large_1, layout_misc_corridors, shoals_dummy_entry,
          nzn_ghost_randoct, basic_altar, uniq_amaemon
Lair:5:   layout_cave_pods, special_room [special_room_mythical_zoo],
          minmay_lair_oklob_items
Lair:6:   wormcave, layout_hall_layers, guppyfry_lair_end_dragon,
          minmay_slime_entry_oklob_enclosed, basic_altar
Shoals:1: layout_shoals, nicolae_shoals_spring_well_temple
Shoals:2: layout_shoals
Shoals:3: layout_shoals, nicolae_shoals_kraken_intersection
Shoals:4: shoals_end_hangedman, layout_shoals, nicolae_shoals_loop_pool
Spider:1: layout_spider_delve, portal_ice_cave_entry_pillars_2
Spider:2: layout_spider_delve, hellmonk_motheaten_closet, uniq_arachne
Spider:3: layout_spider_delve, uniq_nikola
Spider:4: guppyfry_spider_rune, nicolae_spider_nook
Orc:1:    layout_diamond_mine, serial_shops, shop, basic_altar,
          hellmonk_bongcloud_opening
Orc:2:    grunt_orc_cross, layout_caves, basic_altar
Elf:1:    layout_geoelf_diagonals, hangedman_elf_disciples,
          lemuel_upstairs_altar
Elf:2:    nicolae_elf_blades_crystal_corner, layout_geoelf_grid, serial_shops,
          nicolae_shop_stone
Elf:3:    elf_hall_gauntlet_wide, layout_loops_corners, serial_shops,
          nicolae_shop_advertising_works [nicolae_subvault_shop_adworks]
Vaults:1: nicolae_vaults_little_squares_3, nicolae_vaults_big_angled_halls,
          st_octagons_2, nicolae_vaults_what_the_h, v_misc_25,
          ontoclasm_vaults_bender, v_misc_33, vaults_room_pool,
          layout_vaults_quadrants, uniq_donald, uniq_aizul
Vaults:2: gammafunk_ghost_arena, v_misc_26, nicolae_vaults_mini_display_case,
          v_misc_27, v_alt_pattern_5, nicolae_vaults_little_squares_2,
          nicolae_vaults_three_branches, v_pattern_4,
          layout_vaults_chaotic_city, dummy_crypt_entry
Vaults:3: st_diamondy, nicolae_vaults_specimen_jars, vaults_mumra_hex,
          v_alt_pattern_6, hangedman_vaults_stretched_pinwheel,
          hangedman_vaults_trim, v_misc_14, nicolae_vaults_angled_halls,
          nicolae_vaults_windows_and_doors_thing,
          nicolae_vaults_little_squares_2, layout_vaults_omnibox,
          uniq_bai_suzhen
Vaults:4: ontoclasm_vaults_misaligned, grunt_vaults_bifocal,
          grunt_vaults_hallway_short, hangedman_vaults_capsules,
          nicolae_vaults_yaktaur_gun_rack, nicolae_vaults_asterisk, v_misc_11,
          ontoclasm_vaults_pinch, nicolae_vaults_network_quincunx
          [nicolae_vaults_network_quincunx_subvault,
          nicolae_vaults_network_quincunx_subvault,
          nicolae_vaults_network_quincunx_subvault,
          nicolae_vaults_network_quincunx_subvault,
          nicolae_vaults_network_quincunx_subvault], vaults_standard_mumra_x,
          vaults_dpeg_encased_lava, v_alt_pattern_6,
          nicolae_vaults_little_squares_2, layout_vaults_omnicross,
          serial_shops, shop_statue, uniq_saint_roka
Vaults:5: uniq_sojobo
Abyss:3:  base: Temple, dshaligram_kb_abyss_rune_zappy_water_cross,
          bh_abyss_exit_spiral, nicolae_abyss_rune_left_handed,
          nicolae_abyss_rune_left_handed

Skill      XL: |  1  2  3  4  5  6  7  8  9 10 11 12 13 14 15 16 17 18 19 20 |
---------------+-------------------------------------------------------------+-----
Spellcasting   | 3 4 5 6 9 10 11 12 13 14 15 17 18 19 | 19.3
Hexes          | 4 5 6 8 10 12 14 16 19 22 23 24 | 24.4
Stealth        | 5 6 7 10 12 13 15 16 17 18 19 21 22 23 | 23.9
Armour         | 3 6 |  6.0
Conjurations   | 1 3 5 |  5.4
Dodging        | 4 6 8 10 11 12 13 14 15 17 18 | 18.5
Fighting       | 2 3 5 6 7 8 9 10 11 12 | 12.2
Short Blades   | 3 5 7 8 9 10 11 12 | 12.0

Action                   |  1- 3 |  4- 6 |  7- 9 | 10-12 | 13-15 | 16-18 | 19-21 || total
-------------------------+-------+-------+-------+-------+-------+-------+-------++-------
Melee: Dagger            |   104 |   178 |   377 |   464 |   922 |   695 |   170 ||  2910
       Punch             |       |     1 |    10 |    10 |    17 |     6 |       ||    44
       Headbutt          |       |       |       |       |    97 |   129 |    43 ||   269
       Rapier            |       |       |       |       |       |       |    82 ||    82
Throw: Dart              |       |       |     1 |     7 |       |       |       ||     8
       Throwing net      |       |       |       |     1 |       |       |       ||     1
 Cast: Ensorcelled Hiber |     7 |    51 |    83 |   201 |   379 |   207 |    55 ||   983
       Confusing Touch   |     1 |     1 |    14 |    19 |    16 |    22 |     7 ||    80
       Tukima's Dance    |       |     6 |    24 |    39 |    41 |    14 |    17 ||   141
       Cause Fear        |       |       |       |     2 |     1 |     4 |       ||     7
       Dazzling Flash    |       |       |       |       |    38 |       |       ||    38
       Stone Arrow       |       |       |       |       |     5 |     4 |    28 ||    37
       Discord           |       |       |       |       |       |    49 |    52 ||   101
Invok: Shadow Step       |       |       |       |     3 |     7 |     2 |       ||    12
Evoke: Wand              |       |     2 |    15 |     1 |    15 |       |       ||    33
       Condenser vane    |       |       |       |       |     3 |     1 |       ||     4
       Box of beasts     |       |       |       |       |     1 |       |       ||     1
       Phantom mirror    |       |       |       |       |     1 |       |       ||     1
  Use: Scroll            |     2 |     6 |     9 |     7 |    14 |     5 |     3 ||    46
       Potion            |       |     1 |     2 |     3 |     7 |    12 |     9 ||    34
 Stab: Sleeping          |    17 |    31 |    51 |   121 |   280 |   262 |   124 ||   886
       Confused          |     1 |     1 |    11 |    19 |    31 |    25 |     7 ||    95
       Invisible         |       |       |     4 |       |    46 |     2 |       ||    52
       Distracted        |       |       |       |     3 |     4 |     6 |     7 ||    20
       Held in net/web   |       |       |       |     1 |       |       |       ||     1
Armor: Robe              |    14 |    18 |     1 |       |       |       |       ||    33
       Troll leather arm |       |       |    44 |       |       |       |       ||    44
       Steam dragon scal |       |       |    58 |   109 |    83 |    49 |    12 ||   311
Dodge: Dodged            |    75 |   142 |   337 |   524 |  1166 |   624 |   202 ||  3070

Table legend: (Time is in decaauts)
 A = Elapsed time spent in this place.
 B = Non-inter-level travel time spent in this place.
 C = Inter-level travel time spent in this place.
 D = Time resting spent in this place.
 E = Time spent auto-exploring this place.
 F = Levels seen in this place.
 G = Mean time per level.
                   A        B        C        D        E       F      G
               +--------+--------+--------+--------+--------+-----+--------+
         Total |  40907 |  38610 |   2297 |   7709 |  21508 |  42 |  974.0 |
       Dungeon |  16824 |  16045 |    779 |   3289 |   9153 |  15 | 1121.6 |
        Temple |      9 |      4 |      5 |      0 |      2 |   1 |    9.0 |
          Lair |   5978 |   5652 |    326 |    450 |   3701 |   6 |  996.3 |
        Shoals |   3340 |   3096 |    244 |    517 |   1445 |   4 |  835.0 |
   Spider Nest |   3659 |   3440 |    219 |    702 |   1930 |   4 |  914.8 |
  Orcish Mines |   1656 |   1519 |    137 |    294 |    699 |   2 |  828.0 |
   Elven Halls |   3995 |   3800 |    195 |   1261 |   1791 |   3 | 1331.7 |
        Vaults |   5107 |   4718 |    389 |   1016 |   2784 |   5 | 1021.4 |
         Abyss |     84 |     84 |      0 |      0 |      0 |   1 |   84.0 |
      Ice Cave |    250 |    250 |      0 |    177 |      0 |   1 |  250.0 |
               +--------+--------+--------+--------+--------+-----+--------+

Top non-repeatable levels by time:
   Elf:3: 2047 daAuts
Vaults:1: 1924 daAuts
  Lair:6: 1655 daAuts
     D:9: 1554 daAuts
    D:11: 1525 daAuts
    D:10: 1493 daAuts
     D:3: 1490 daAuts
     D:2: 1395 daAuts
     D:8: 1357 daAuts
     D:4: 1288 daAuts
Shoals:4: 1226 daAuts
Vaults:3: 1225 daAuts
Spider:4: 1182 daAuts
     D:7: 1174 daAuts
  Lair:3: 1165 daAuts
